 Dungeon Crawl Stone Soup version 0.30-a0-901-g7006a02 (webtiles) character file.

Game seed: 17715168453986759338

6 Illumine the Trooper (level 1, 0/24 HPs)
             Began as an Ogre Fighter on Mar 18, 2023.
             Succumbed to a goblin's poison
             ... on level 1 of the Dungeon.
             The game lasted 00:00:42 (528 turns).

Illumine the Trooper (Ogre Fighter)                  Turns: 528, Time: 00:00:43

Health: 0/24       AC:  3    Str: 19    XL:     1   Next: 90%
Magic:  1/1        EV:  8    Int:  9    God:
Gold:   34         SH:  7    Dex:  8    Spells: 0/0 levels left

rFire   . . .      SeeInvis .    a - +0 flail
rCold   . . .      Faith    .    c - +0 kite shield
rNeg    . . .      Spirit   .    b - +0 robe
rPois   .          Reflect  .    (helmet restricted)
rElec   .          Rampage  .    (no cloak)
rCorr   .                        (gloves unavailable)
Will    .....                    (boots unavailable)
Stlth   +                        (no amulet)
HPRegen 0.24/turn                (no ring)
MPRegen 0.07/turn                (no ring)

@: brilliant, lethally poisoned (0 -> -9), flying
A: large, unfitting armour, tough skin 1
a: no special abilities


You were on level 1 of the Dungeon.
You visited 1 branch of the dungeon, and saw 1 of its levels.

You collected 34 gold pieces.

Inventory:

Hand Weapons
 a - a +0 flail (weapon)
Missiles
 e - 23 stones (quivered)
Armour
 b - a +0 robe (worn)
 c - a +0 kite shield (worn)
Scrolls
 j - a scroll of teleportation {unknown}
 k - a scroll of immolation {unknown}
Potions
 d - 2 potions of might
 h - 2 potions of flight
 i - a potion of resistance {unknown}
 l - a potion of curing {unknown}


   Skills:
 + Level 4.1 Fighting
 * Level 2.0 Maces & Flails
 + Level 2.7 Dodging
 + Level 3.0 Shields


You couldn't memorise any spells.
You didn't know any spells.
Your spell library contained the following spells:

 Spells                   Type           Power      Damage    Failure   Level
 Slow                     Hex            0%         N/A       67%         1
 Confusing Touch          Hex            0%         N/A       96%         3
 Vampiric Draining        Necr           0%         2d6       96%         3


Dungeon Overview and Level Annotations

Branches:
Dungeon (1/15)

Altars:


Innate Abilities, Weirdness & Mutations

You are too large for most types of armour.
You have tough skin. (AC +1)


Message History

Found an orange potion and a kite shield.
The goblin shouts!
There is an open door here.
A goblin is nearby!
The goblin hits you with a +1 dagger of venom.
You are poisoned.
A goblin is nearby!
You closely miss the goblin.
You feel very sick. You block the goblin's attack.
The goblin barely misses you.
You hit the goblin.
The goblin is heavily wounded.
You feel very sick. The goblin barely misses you.
You closely miss the goblin.
The goblin is heavily wounded.
You feel sick. The goblin hits you but does no damage.
You are more poisoned.
The goblin hits you with a +1 dagger of venom.
Unknown command.
You barely miss the goblin.
The goblin is heavily wounded.
You feel very sick.
The goblin hits you with a +1 dagger of venom.
You are more poisoned.
Unknown command.
It was a potion of flight.
You feel very buoyant.
You fly up into the air.
* * * LOW HITPOINT WARNING * * *
You feel very sick. The goblin barely misses you.
It was a potion of magic.
Magic courses through your body.
* * * LOW HITPOINT WARNING * * *
You feel very sick.
The goblin hits you with a +1 dagger of venom.
* * * LOW HITPOINT WARNING * * *
It was a potion of brilliance.
You feel clever all of a sudden.
You die...

#....................#
#.................#.##
#................##.#
#######.####.....##.#
.# #.# #.....##.#
.######.####.....##.#
.................##.#
#######.###......##.#
#...#.# #.....@'..#
#.#.#.# ##..!g.####
#.#.#.# #[....#
###.#.#.# #######
......#.# #######.#
........# #########


You could see a goblin.

Vanquished Creatures
  A bat (D:1)
  A hobgoblin (D:1)
  A frilled lizard (D:1)
  2 goblins (D:1)
  A kobold (D:1)
  A rat (D:1)
7 creatures vanquished.

Notes
Turn   | Place    | Note
-------+----------+-------------------------------------------
     0 | D:1      | Illumine the Ogre Fighter began the quest for the Orb.
     0 | D:1      | Reached XP level 1. HP: 24/24 MP: 1/1
    17 | D:1      | Found a faded altar of an unknown god.
   528 | D:1      | Succumbed to a goblin's poison

Illustrated notes

Levels and vault maps discovered:
D:1:      lightli_arrival_statuegarden, layout_basic,
          dreamdust_ecumenical_altar_grove

Skill      XL: |  1 |
---------------+----+-----
Maces & Flails | 2 |  2.0
Fighting       | |  4.1
Dodging        | |  2.7
Shields        | |  3.0

Action                     || total
---------------------------++-------
  Melee: Flail             ||    28
  Throw: Stone             ||     1
    Use: Potion            ||     3
 Armour: Robe              ||     3
  Dodge: Dodged            ||    12
  Block: Kite shield       ||     7

Table legend: (Time is in decaauts)
 A = Elapsed time spent in this place.
 B = Non-inter-level travel time spent in this place.
 C = Inter-level travel time spent in this place.
 D = Time resting spent in this place.
 E = Time spent auto-exploring this place.
 F = Levels seen in this place.
 G = Mean time per level.
                   A        B        C        D        E       F      G
               +--------+--------+--------+--------+--------+-----+--------+
         Total |    540 |    540 |      0 |      0 |    452 |   1 |  540.0 |
       Dungeon |    540 |    540 |      0 |      0 |    452 |   1 |  540.0 |
               +--------+--------+--------+--------+--------+-----+--------+

Top non-repeatable levels by time:
     D:1: 540 daAuts
